 Dungeon Crawl Stone Soup version 0.23.2-40-g277498a001 (webtiles) character file.

Game seed: 6602292771243069641

5839 Nygeryga the Warrior (level 10, -2/157 HPs)
             Began as a Minotaur Berserker on Sept 6, 2019.
             Was a High Priest of Trog.
             Splashed by a jelly's acid (5 damage)
             ... on level 9 of the Dungeon on Sept 12, 2019.
             The game lasted 00:21:05 (7935 turns).

Nygeryga the Warrior (Minotaur Berserker)           Turns: 7935, Time: 00:21:07

Health: -2/157     AC: -10   Str: 30    XL:     10   Next: 51%
Magic:  18/18      EV: 11    Int:  4    God:    Trog [*****.]
Gold:   484        SH:  0    Dex: 10    Spells: 9/9 levels left

rFire    . . .     SeeInvis +   n - +1 flail
rCold    . . .     Gourm    .   (no shield)
rNeg     . . .     Faith    .   o - +1 ring mail
rPois    .         Spirit   .   (helmet restricted)
rElec    .         Reflect  .   (no cloak)
rCorr    .         Harm     .   j - +2 pair of gloves
MR       .....                  (no boots)
Stlth    ..........             s - amulet of magic regeneration
HPRegen  0.36/turn              d - ring of see invisible
MPRegen  0.41/turn              I - ring of magical power

@: berserking, corroded, slow
A: retaliatory headbutt, horns 2
a: Berserk, Trog's Hand, Brothers in Arms, Renounce Religion


You were on level 9 of the Dungeon.
You worshipped Trog.
Trog was extremely pleased with you.
You were very hungry.

You visited 1 branch of the dungeon, and saw 9 of its levels.

You collected 484 gold pieces.

Inventory:

Hand Weapons
 a - a +0 mace
 n - a +1 flail (weapon)
 t - a +0 flail
Armour
 b - a +0 animal skin
 i - a +0 ring mail
 j - a +2 pair of gloves (worn)
 o - a +1 ring mail (worn)
Jewellery
 d - a ring of see invisible (left hand)
 s - an amulet of magic regeneration (around neck)
 I - a ring of magical power (right hand)
Wands
 e - a wand of flame (17)
 p - a wand of paralysis (19)
 D - a wand of iceblast (10)
Scrolls
 f - a scroll of enchant weapon
 g - 6 scrolls of remove curse
 k - 2 scrolls of magic mapping
 u - 3 scrolls of blinking
 y - 2 scrolls of enchant armour
 A - 3 scrolls of amnesia
 E - a scroll of identify
 G - a scroll of teleportation
Potions
 h - 3 potions of haste
 l - a potion of magic
 m - 2 potions of curing
 q - 2 potions of flight
 r - 3 potions of degeneration
 v - a potion of heal wounds
 w - a potion of ambrosia
 x - a potion of might
 z - a potion of invisibility
 B - a potion of resistance
 C - 2 potions of lignification {unknown}
 F - a potion of agility {unknown}
 H - a potion of cancellation {unknown}
 J - a potion of berserk rage {unknown}
Comestibles
 c - 12 rations


   Skills:
 * Level 15.0 Fighting
 + Level 11.3 Maces & Flails
 - Level 2.4 Armour
 - Level 2.1 Dodging


You had 9 spell levels left.
You didn't know any spells.
Your spell library was empty.

Dungeon Overview and Level Annotations

Branches:
Dungeon (9/15)             Temple (0/1) D:5
   Lair: D:8-11         Orc: D:9-12

Altars:
Fedhas
Gozag
Kikubaaqudgha
Okawaru
Qazlal
Ru
Sif Muna
Xom

Shops:
D:6 =   D:7 ?   D:8 ?

Annotations:
D:2 2 transporters


Innate Abilities, Weirdness & Mutations

You reflexively headbutt those who attack you in melee.
You have a pair of horns on your head.


Message History

The jelly hits you.
* * * LOW HITPOINT WARNING * * *
You are splashed with acid!
* * * LOW HITPOINT WARNING * * *
A red film seems to cover your vision as you go berserk!
You feel yourself moving faster!
You feel mighty!
You are feeling very hungry.
The jelly hits you.
* * * LOW HITPOINT WARNING * * *
The acid corrodes you!
You are splashed with acid!
* * * LOW HITPOINT WARNING * * *
Your unstable footing causes you to fumble your attack.
You hit the jelly but do no damage.
Your hands burn!
* * * LOW HITPOINT WARNING * * *
The jelly hits you.
* * * LOW HITPOINT WARNING * * *
You are splashed with acid.
* * * LOW HITPOINT WARNING * * *
You hit the jelly.
Your hands burn!
You die...

###.# ....# ###.##
# #..#
###..#########
.............#
#.............####
#.#.##.########≈.##
#.#......# #####@.#
.....#..##
#...#J.##
.......>.# #.'≈..#
.........#
#...#...#
.........#
#####≈..#
####.....## #≈.#.#
##.....###.####.#
#.........# #.#
#####.....##### #.#


You could see a jelly.

Vanquished Creatures
  A two-headed ogre (D:4)
  Pikel (D:8)
  Psyche (D:8)
  A gargoyle (D:8)
  A hornet (D:9)
  Grinder (D:3)
  A hippogriff (D:8)
  Eustachio (D:5)
  Sigmund (D:5)
  Menkaure (D:7)
  4 sky beasts
  3 ice beasts
  2 black bears (D:8)
  A necrophage (D:6)
  A slave (D:8)
  3 phantoms
  4 ogres
  A big kobold (D:7)
  A bullfrog (D:8)
  3 scorpions
  4 killer bees (D:9)
  A howler monkey (D:6)
  2 crimson imps (D:5)
  2 centaur zombies
  3 jellies (D:9)
  A centaur skeleton (D:4)
  7 hounds
  2 orc priests
  Jessica (D:2)
  A bullfrog skeleton (D:2)
  An iguana (D:6)
  3 orc wizards
  5 worker ants
  Terence (D:2)
  2 hound zombies
  2 worker ant zombies
  6 gnolls (D:6)
  11 adders
  3 shadow imps
  6 oozes
  2 adder zombies
  An adder skeleton (D:4)
  4 worms
  3 dart slugs
  3 leopard geckos
  12 orcs
  6 giant cockroaches
  5 goblins
  5 hobgoblins
  12 jackals
  3 quokkas
  4 ball pythons
  4 bats
  3 frilled lizards
  A goblin zombie (D:8)
  A jackal zombie (D:8)
  12 kobolds
  An orc zombie (D:8)
  16 rats
  A rat zombie (D:8)
  A bush (D:1)
197 creatures vanquished.

Vanquished Creatures (others)
  A scorpion (D:8)
1 creature vanquished.

Grand Total: 198 creatures vanquished

Notes
Turn   | Place    | Note
-------+----------+-------------------------------------------
     0 | D:1      | Nygeryga the Minotaur Berserker began the quest for the
                  | Orb.
     0 | D:1      | Reached XP level 1. HP: 19/19 MP: 0/0
    99 | D:1      | Reached skill level 4 in Fighting
   189 | D:1      | Reached XP level 2. HP: 27/27 MP: 1/1
   632 | D:2      | Reached XP level 3. HP: 33/34 MP: 2/2
   795 | D:2      | Reached skill level 5 in Fighting
  1025 | D:2      | Reached ** piety under Trog
  1124 | D:2      | Found an iron altar of Okawaru.
  1124 | D:2      | Found a faded altar of an unknown god.
  1131 | D:2      | Found an opulent altar of Gozag.
  1133 | D:2      | Found a shimmering altar of Xom.
  1135 | D:2      | Found a faded altar of an unknown god.
  1183 | D:2      | Reached XP level 4. HP: 42/42 MP: 3/3
  1214 | D:2      | Noticed Terence
  1216 | D:2      | Killed Terence
  1232 | D:2      | Found a transporter.
  1232 | D:2      | Noticed a bullfrog
  1236 | D:2      | Found a sacrificial altar of Ru.
  1315 | D:2      | Found a transporter.
  1371 | D:2      | Noticed Jessica
  1380 | D:2      | Killed Jessica
  1380 | D:2      | Reached skill level 6 in Fighting
  1380 | D:2      | Reached skill level 5 in Maces & Flails
  1380 | D:2      | Reached XP level 5. HP: 50/50 MP: 4/4
  1388 | D:2      | Found a deep blue altar of Sif Muna.
  1797 | D:3      | Noticed a sky beast
  1807 | D:3      | Killed a sky beast
  1807 | D:3      | Reached skill level 7 in Fighting
  1825 | D:3      | Reached XP level 6. HP: 50/60 MP: 5/5
  2011 | D:3      | Noticed Grinder
  2020 | D:3      | Killed Grinder
  2295 | D:3      | Reached skill level 8 in Fighting
  2298 | D:3      | Reached *** piety under Trog
  2698 | D:4      | Noticed a sky beast
  2712 | D:4      | Killed a sky beast
  2712 | D:4      | Reached XP level 7. HP: 52/69 MP: 6/6
  2976 | D:4      | Reached skill level 9 in Fighting
  3325 | D:5      | Entered Level 5 of the Dungeon
  3325 | D:5      | Noticed a two-headed ogre
  3334 | D:4      | Killed a two-headed ogre
  3334 | D:4      | Reached skill level 11 in Fighting
  3334 | D:4      | Reached XP level 8. HP: 82/82 MP: 7/7
  3684 | D:5      | Noticed Eustachio
  3927 | D:5      | Killed Eustachio
  4007 | D:5      | Noticed Sigmund
  4015 | D:5      | Killed Sigmund
  4015 | D:5      | Reached XP level 9. HP: 90/90 MP: 8/8
  4077 | D:5      | Found a staircase to the Ecumenical Temple.
  4137 | D:5      | Reached skill level 12 in Fighting
  4280 | D:6      | Reached **** piety under Trog
  4557 | D:6      | Found Mipeotz's Jewellery Boutique.
  5022 | D:7      | Noticed Menkaure
  5706 | D:7      | Killed Menkaure
  5706 | D:7      | Reached skill level 13 in Fighting
  5731 | D:7      | Found Nixtumn's Magic Scroll Shop.
  5989 | D:7      | Found a blossoming altar of Fedhas.
  5989 | D:7      | Found an ancient bone altar of Kikubaaqudgha.
  6000 | D:7      | Reached skill level 10 in Maces & Flails
  6253 | D:8      | Found a sand-covered staircase.
  6253 | D:8      | Noticed a gargoyle
  6419 | D:8      | Reached ***** piety under Trog
  6439 | D:8      | Killed a gargoyle
  6698 | D:8      | Reached XP level 10. HP: 95/102 MP: 9/9
  6831 | D:8      | Reached skill level 14 in Fighting
  6898 | D:8      | Noticed Psyche
  6904 | D:8      | Killed Psyche
  6905 | D:8      | Found Duwa's Magic Scroll Emporium.
  7098 | D:8      | Noticed Pikel
  7109 | D:8      | Killed Pikel
  7365 | D:9      | Paralysed by a hornet for 1 turns
  7370 | D:9      | Paralysed by a hornet for 1 turns
  7807 | D:9      | Found a stormy altar of Qazlal.
  7917 | D:9      | Reached skill level 15 in Fighting
  7934 | D:9      | HP: 3/157 [acid (5)]
  7935 | D:9      | Splashed by a jelly's acid

Skill      XL: |  1  2  3  4  5  6  7  8  9 10 |
---------------+-------------------------------+-----
Fighting       | 4 5 6 7 8 11 13 15 | 15.0
Maces & Flails | 4 5 6 8 9 10 11 | 11.3
Armour         | |  2.4
Dodging        | |  2.1

Action                   |  1- 3 |  4- 6 |  7- 9 | 10-12 || total
-------------------------+-------+-------+-------+-------++-------
Melee: Mace              |   120 |     4 |       |       ||   124
       Headbutt          |    24 |    17 |    54 |    21 ||   116
       Flail             |       |   108 |   256 |    97 ||   461
Invok: Berserk           |     1 |       |     5 |     3 ||     9
  Use: Scroll            |       |     7 |     4 |     7 ||    18
       Potion            |       |       |       |     1 ||     1
  Eat: Chunk             |     2 |     5 |    11 |     2 ||    20
       Ration            |       |       |     2 |     1 ||     3
Armor: Animal skin       |     3 |       |       |       ||     3
       Ring mail         |    27 |    40 |   168 |    26 ||   261
Dodge: Dodged            |    64 |    60 |   182 |    51 ||   357
